 Dungeon Crawl Stone Soup version 0.27-a0-1529-g1e82c303ef (webtiles) character file.

Game seed: 11124415369453717191

118307 Demosthentine the Impaler (level 16, -11/137 HPs)
             Began as a Merfolk Gladiator on July 12, 2021.
             Was the Champion of the Shining One.
             Mangled by a goliath frog (19 damage)
             ... while paralysed by a fenstrider witch
             ... on level 1 of the Swamp.
             The game lasted 00:37:09 (32558 turns).

Demosthentine the Impaler (Merfolk Gladiator)      Turns: 32558, Time: 00:37:09

Health: -11/137    AC: 11    Str: 16    XL:     16   Next: 76%
Magic:  25/25      EV:  2    Int: 16    God:    the Shining One [******]
Gold:   447        SH:  0    Dex: 29    Spells: 15/15 levels left

rFire    . . .     SeeInvis +   B - +4 trident (venom)
rCold    . . .     Faith    .   i - +0 buckler {reflect}
rNeg     + + +     Spirit   .   M - +0 troll leather armour
rPois    +         Reflect  +   k - +3 crown of Dyrovepreva {rElec Int+2 SInv}
rElec    +         Harm     .   g - +1 cloak of Starlight {*Dazzle EV+4 Stlth--}
rCorr    +         Rampage  .   R - +2 pair of gloves {Dex+3}
Will     +....                  w - +0 pair of boots
Stlth    ..........             f - amulet of reflection
HPRegen  1.32/turn              P - ring of Muruch {rPois rCorr Int+6}
MPRegen  0.19/turn              H - +6 ring of dexterity

@: paralysed, corroded, glowing, studying Armour
A: (nimble swimmer 2), mertail
a: Renounce Religion, Divine Shield, Cleansing Flame, Summon Divine Warrior,
Brand Weapon With Holy Wrath


You were on level 1 of the Swamp.
You worshipped the Shining One.
The Shining One was exalted by your worship.
You visited 5 branches of the dungeon, and saw 25 of its levels.
You also visited: Sewer, Ice Cave and Volcano.

You collected 2703 gold pieces.
You spent 2256 gold pieces at shops.

Inventory:

Hand Weapons
 B - a +4 trident of venom (weapon)
Armour
 g - the +1 cloak of Starlight (worn) {*Dazzle EV+4 Stlth--}
   (You bought it in a shop on level 2 of the Orcish Mines)

   EV:        It affects your evasion (+4).
   Stlth:     It makes you much less stealthy.
 i - a +0 buckler of reflection (worn)
 k - the +3 crown of Dyrovepreva (worn) {rElec Int+2 SInv}
   (You bought it in a shop on level 2 of the Orcish Mines)

   Int:       It affects your intelligence (+2).
   rElec:     It insulates you from electricity.
   SInv:      It lets you see invisible.
 w - a +0 pair of boots (worn)
 J - a +1 leather armour of cold resistance
 M - a +0 troll leather armour (worn)
 R - a +2 pair of gloves of dexterity (worn)
Jewellery
 f - an amulet of reflection (around neck)
 E - a ring of protection from cold
 H - a +6 ring of dexterity (right hand)
 P - the ring of Muruch (left hand) {rPois rCorr Int+6}
   (You found it on level 15 of the Dungeon)

   [ring of intelligence]

   Int:       It affects your intelligence (+6).
   rPois:     It protects you from poison.
   rCorr:     It protects you from acid and corrosion.
 U - the amulet of Pales {Regen+ Int+4 Dex+2}
   (You found it on level 1 of the Lair of Beasts)

   [amulet of regeneration]

   Int:       It affects your intelligence (+4).
   Dex:       It affects your dexterity (+2).
   Regen:     It increases your rate of health regeneration.
Wands
 c - a wand of acid (14)
 m - a wand of digging (7)
 n - a wand of paralysis (11)
 y - a wand of flame (28)
 C - a wand of iceblast (20)
Scrolls
 d - a scroll of blinking
 e - 3 scrolls of fog
 h - a scroll of holy word
 p - a scroll of teleportation
 q - 4 scrolls of silence
 r - 4 scrolls of fear
 v - 7 scrolls of magic mapping
Potions
 j - 5 potions of lignification
 l - a potion of mutation
 o - 3 potions of attraction
 u - 5 potions of magic
 A - 11 potions of curing
 F - 2 potions of cancellation
 G - a potion of invisibility {unknown}
 K - 3 potions of might
 L - a potion of resistance
 N - 4 potions of berserk rage
 O - 4 potions of heal wounds
 S - 3 potions of haste


   Skills:
 + Level 15.7 Fighting
 + Level 19.6 Polearms
 - Level 2.0 Throwing
 + Level 9.1 Armour
 + Level 18.3 Dodging
 - Level 4.0 Shields
 - Level 12.1 Invocations


You had 15 spell levels left.
You didn't know any spells.
Your spell library contained the following spells:

 Spells                   Type           Power      Damage    Failure   Level
 Animate Skeleton         Necr           0%         N/A       28%         1
 Apportation              Tloc           0%         N/A       28%         1
 Beastly Appendage        Tmut           0%         N/A       28%         1
 Corona                   Hex            0%         N/A       28%         1
 Freeze                   Ice            0%         1d3       28%         1
 Summon Small Mammal      Summ           0%         N/A       28%         1
 Blink                    Tloc           N/A        N/A       41%         2
 Ensorcelled Hibernation  Hex/Ice        0%         N/A       41%         2
 Passwall                 Tmut/Erth      0%         N/A       41%         2
 Wereblood                Tmut           0%         N/A       41%         2
 Frozen Ramparts          Ice            0%         1d2       65%         3
 Gell's Gravitas          Tloc           0%         N/A       65%         3
 Ignite Poison            Fire/Tmut/Pois 0%         N/A       65%         3
 Spider Form              Tmut/Pois      0%         N/A       65%         3
 Teleport Other           Tloc           0%         N/A       65%         3
 Hailstorm                Conj/Ice       0%         3d3       96%         4
 Ice Form                 Ice/Tmut       0%         N/A       96%         4
 Petrify                  Tmut/Erth      0%         N/A       96%         4
 Fireball                 Conj/Fire      0%         3d3       100%        5
 Lee's Rapid Deconstruct  Erth           0%         3d5*      100%        5
 Manifold Assault         Tloc           0%         N/A       100%        5
 Summon Forest            Summ/Tloc      0%         N/A       100%        5
 Dispersal                Tloc           0%         N/A       100%        6
 Eringya's Noxious Bog    Tmut/Pois      0%         N/A       100%        6
 Shadow Creatures         Summ           N/A        N/A       100%        6
 Simulacrum               Ice/Necr       0%         N/A       100%        6
 Starburst                Conj/Fire      0%         8x6d3     100%        6
 Storm Form               Tmut/Air       0%         N/A       100%        7
 Summon Hydra             Summ           0%         N/A       100%        7
 Ignition                 Fire           0%         3d3       100%        8


Dungeon Overview and Level Annotations

Branches:
Dungeon (15/15)            Temple (1/1) D:4            Lair (6/6) D:8
  Swamp (1/4) Lair:3        Snake (0/4) Lair:4        Slime (0/5) Lair:5
    Orc (2/2) D:10            Elf (0/3) Orc:2        Vaults (0/5) D:14
 Depths (0/5) D:15          Sewer (visited)           IceCv (visited)
Volcano (visited)

Altars:
Ashenzari
Cheibriados
Dithmenos
Elyvilon
Fedhas
Gozag
Hepliaklqana
Kikubaaqudgha
Makhleb
Nemelex Xobeh
Okawaru
Qazlal
Ru
Sif Muna
Trog
Uskayaw
Vehumet
Wu Jian
Xom
Yredelemnul
Zin
The Shining One

Shops:
D:2 :   D:10 :=**   D:14 =   Orc:2 [[[!

Annotations:
D:4 2 runed translucent doors, Demosthentine's ghost, novice MfGl
D:12 3 runed translucent doors


Innate Abilities, Weirdness & Mutations

((You are quick and stealthy near water. (Stealth+, EV+, Speed+++)))
Your lower body shifts to a powerful aquatic tail in water.


Message History

The fenstrider witch is lightly wounded.
You block the goliath frog's attack.
The fenstrider witch completely misses you.
You block the fenstrider witch's attack.
You puncture the fenstrider witch!
The fenstrider witch is moderately wounded.
You block the goliath frog's attack.
The fenstrider witch casts a spell at you.
You suddenly lose the ability to move!
The fenstrider witch gestures at you while chanting.
You shrug off the repeated paralysis!
The goliath frog hits you but does no damage.
The fenstrider witch hits you but does no damage.
The fenstrider witch kicks you. The goliath frog hits you from afar!
You are splashed with acid.
You resist. The fenstrider witch hits you!
The fenstrider witch kicks you but does no damage.
The goliath frog barely misses you. The fenstrider witch hits you!
* * * LOW HITPOINT WARNING * * *
The fenstrider witch barely misses you. The goliath frog hits you from afar.
* * * LOW HITPOINT WARNING * * *
The acid corrodes you!
You are splashed with acid.
You resist.
* * * LOW HITPOINT WARNING * * *
The fenstrider witch barely misses you. The fenstrider witch kicks you.
* * * LOW HITPOINT WARNING * * *
The goliath frog hits you but does no damage.
The fenstrider witch hits you.
* * * LOW HITPOINT WARNING * * *
The fenstrider witch kicks you but does no damage.
The goliath frog hits you from afar.
* * * LOW HITPOINT WARNING * * *
You are splashed with acid.
You resist.
* * * LOW HITPOINT WARNING * * *
The fenstrider witch hits you.
* * * LOW HITPOINT WARNING * * *
The fenstrider witch kicks you!
* * * LOW HITPOINT WARNING * * *
The goliath frog hits you from afar!!
You die...

♣≈♣♣ ♣.♣
♣.♣ ♣♣≈♣♣
♣♣§≈.♣
♣...♣♣
♣♣DF♣
♣♣H♣♣ ♣♣@♣
♣.♣♣♣♣♣
♣♣..<.♣
♣♣.≈♣♣≈..♣
♣.♣≈♣ ♣.♣
♣♣♣♣♣ ♣


You could see a four-headed hydra, a fenstrider witch and a goliath frog
(poisoned).

Vanquished Creatures
  Kirke (D:11)
  Gastronok (D:12)
  2 orc warlords
  The ghost of Laraso the Thaumaturge, a journeyman DjFE of Gozag (D:12)
  The ghost of Zoecucy the Genius of the Arcane, a journeyman DsWn of Sif Muna (Orc:1)
  2 bunyips (Swamp:1)
  Josephine (D:12)
  A fire dragon (Lair:6)
  A great orb of eyes (D:15)
  Harold (D:9)
  Fannar (Lair:1)
  7 boulder beetles
  A rakshasa (D:15)
  4 vault guards (D:14)
  2 catoblepae
  6 hydras
  Erica (D:10)
  3 ogre magi
  17 two-headed ogres
  6 centaur warriors
  2 death knights (D:14)
  2 death yaks (Lair:2)
  A tengu warrior (D:15)
  Sonja (D:11)
  Nergalle (D:11)
  A fire crab (Volcano)
  2 deep trolls (Orc:2)
  3 bog bodies (Swamp:1)
  A spriggan druid (Swamp:1)
  A swamp dragon (Swamp:1)
  A glowing orange brain (shapeshifter) (D:15)
  Pikel (D:7)
  4 lindwurms
  An orc knight (D:15)
  A deep elf zephyrmancer (D:13)
  13 ugly things
  A deep elf pyromancer (D:12)
  2 orc sorcerers
  2 manticores
  3 oklob plants (Lair:6)
  2 wolf spiders (Lair:1)
  8 cyclopes
  10 centaur zombies
  5 elephants
  4 ice statues
  11 black mambas
  3 molten gargoyles (Lair:6)
  A rust devil (D:10)
  11 cane toads
  15 komodo dragons
  An unseen horror (D:13)
  4 efreet
  A kobold demonologist (D:12)
  Psyche (D:8)
  A rime drake (Lair:4)
  A freezing wraith (D:14)
  A tengu conjurer (D:15)
  A jumping spider (Lair:1)
  2 hellwings (D:7)
  A tyrant leech (Lair:3)
  A meliai (D:14)
  Prince Ribbit (Lair:1)
  10 trolls
  2 hornets
  3 blink frogs (Lair:1)
  4 slime creatures (D:15)
  A polar bear (Lair:2)
  A dream sheep (shapeshifter) (D:14)
  A meliai zombie (D:7)
  A redback (Lair:1)
  7 wraiths
  42 yaks
  2 shadows
  A spriggan (Swamp:1)
  5 wyverns
  A tarantella (Lair:1)
  A dire elephant simulacrum (IceCv)
  A vampire (D:11)
  3 basilisks
  5 fire bats (Volcano)
  5 hogs
  Menkaure (D:6)
  2 death yak simulacra (IceCv)
  2 steam dragons (Lair:6)
  2 vampire mosquitoes (D:14)
  2 wargs (Orc:2)
  5 swamp worms
  A harpy simulacrum (IceCv)
  3 nagas (Lair:4)
  12 water moccasins
  An acid dragon (D:12)
  11 hell hounds
  2 hornet zombies
  24 orc warriors
  21 ogres
  6 black bears
  3 boggarts (D:15)
  2 sky beasts
  5 centaurs
  4 lemures (D:7)
  9 kobold brigands
  19 bullfrogs
  A gnoll sergeant (D:7)
  A scorpion (D:6)
  2 cane toad simulacra (IceCv)
  A wyvern skeleton (D:7)
  An elephant simulacrum (IceCv)
  10 killer bees
  A wight (D:9)
  2 howler monkeys
  An electric eel (Lair:4)
  14 lava snakes
  A bullfrog zombie (D:5)
  A jelly (D:5)
  11 orc priests
  4 centaur skeletons
  2 iguanas
  24 orc wizards
  A killer bee zombie (D:8)
  4 gnolls (D:7)
  10 adders
  3 river rats (Sewer)
  5 shadow imps
  An ufetubus (D:7)
  8 worms
  5 dart slugs
  73 orcs
  5 ball pythons
  7 endoplasms
  3 giant cockroaches
  7 goblins
  7 hobgoblins
  14 jackals
  33 kobolds
  2 quokkas
  6 bats
  5 frilled lizards
  8 rats
707 creatures vanquished.

Vanquished Creatures (others)
  A bloated husk (Swamp:1)
  A hornet (shapeshifter) (D:14)
  An orc priest (Orc:2)
  An orc (Orc:2)
  16 fungi
  24 plants
  10 withered plants (D:7)
54 creatures vanquished.

Grand Total: 761 creatures vanquished

Notes
Turn   | Place    | Note
-------+----------+-------------------------------------------
     0 | D:1      | Demosthentine the Merfolk Gladiator began the quest for the
                  | Orb.
     0 | D:1      | Reached XP level 1. HP: 16/16 MP: 1/1
   186 | D:1      | Reached XP level 2. HP: 23/23 MP: 2/2
   633 | D:1      | Reached XP level 3. HP: 28/28 MP: 3/3
  1288 | D:2      | Reached skill level 5 in Polearms
  1299 | D:2      | Found Geaq's Book Emporium.
  1311 | D:2      | Reached skill level 1 in Armour
  1566 | D:2      | Found a faded altar of an unknown god.
  1781 | D:2      | Reached XP level 4. HP: 35/35 MP: 4/4
  2744 | D:3      | Reached skill level 5 in Dodging
  2744 | D:3      | Reached XP level 5. HP: 11/41 MP: 5/5
  3394 | D:3      | Found a white marble altar of Elyvilon.
  3399 | D:3      | Found a stormy altar of Qazlal.
  3399 | D:3      | Found a sparkling altar of Nemelex Xobeh.
  3420 | D:3      | Found a hazy altar of Hepliaklqana.
  3423 | D:3      | Found a sacrificial altar of Ru.
  3438 | D:3      | Became a worshipper of Elyvilon the Healer
  3825 | D:4      | Found a large runed translucent door.
  3826 | D:4      | Found a large runed translucent door.
  3828 | D:4      | Noticed Demosthentine's ghost (novice MfGl)
  4098 | D:4      | Found a hide-covered altar of Uskayaw.
  4245 | D:4      | Found a staircase to the Ecumenical Temple.
  4254 | Temple   | Entered the Ecumenical Temple
  4932 | D:5      | Entered Level 5 of the Dungeon
  4942 | D:5      | Reached * piety under Elyvilon
  4988 | D:5      | Noticed a sky beast
  4996 | D:5      | Killed a sky beast
  4997 | D:5      | Reached skill level 6 in Polearms
  4997 | D:5      | Reached XP level 6. HP: 27/48 MP: 6/6
  5167 | D:5      | Noticed a black bear
  5173 | D:5      | Killed a black bear
  5313 | D:5      | Reached XP level 7. HP: 48/55 MP: 7/7
  5606 | D:5      | Reached ** piety under Elyvilon
  6057 | D:5      | Identified a scroll of acquirement
  6057 | D:5      | Acquired a +0 buckler of reflection
  6298 | D:6      | Reached skill level 7 in Polearms
  6320 | D:6      | Found a glowing drain.
  6343 | Sewer    | Entered a sewer
  6360 | Sewer    | Reached skill level 1 in Shields
  6690 | Sewer    | Reached skill level 5 in Fighting
  6746 | Sewer    | Reached XP level 8. HP: 57/62 MP: 8/8
  6868 | D:6      | Noticed Menkaure
  6888 | D:6      | Killed Menkaure
  7237 | D:6      | Reached skill level 8 in Polearms
  7685 | D:6      | Reached *** piety under Elyvilon
  8166 | D:6      | Reached XP level 9. HP: 69/69 MP: 9/9
  8878 | D:7      | Reached skill level 9 in Polearms
  9040 | D:7      | Noticed a hellwing
  9078 | D:7      | Elyvilon protects you from harm!
  9117 | D:7      | Reached skill level 10 in Polearms
  9141 | D:7      | Reached XP level 10. HP: 24/79 MP: 10/10
  9156 | D:7      | Elyvilon protects you from harm!
  9187 | D:7      | Reached skill level 5 in Armour
  9671 | D:7      | Reached skill level 10 in Dodging
  9815 | D:7      | Reached skill level 11 in Polearms
 10147 | D:7      | Noticed Pikel
 10190 | D:7      | Killed Pikel
 10390 | D:7      | Reached **** piety under Elyvilon
 10913 | D:8      | Found a staircase to the Lair.
 10937 | D:8      | Reached skill level 1 in Invocations
 11181 | D:8      | Reached XP level 11. HP: 76/89 MP: 12/12
 11265 | D:8      | Noticed Psyche
 11270 | D:8      | Killed Psyche
 11600 | D:8      | Found a glowing golden altar of the Shining One.
 11802 | D:8      | Fell from the grace of Elyvilon
 11802 | D:8      | Became a worshipper of the Shining One
 11802 | D:8      | Reached * piety under the Shining One
 11802 | D:8      | Reached ** piety under the Shining One
 11820 | D:9      | Noticed a two-headed ogre
 11830 | D:9      | Killed a two-headed ogre
 11831 | D:9      | Reached skill level 12 in Polearms
 12024 | D:9      | Noticed a two-headed ogre
 12037 | D:9      | Killed a two-headed ogre
 12360 | D:9      | Noticed Harold
 12374 | D:9      | Killed Harold
 12623 | D:9      | Found an ornate altar of the Wu Jian Council.
 12872 | D:10     | Entered Level 10 of the Dungeon
 12903 | D:10     | Found a snail-covered altar of Cheibriados.
 12918 | D:10     | Found Gasas's Changing Room.
 12928 | D:10     | Noticed Erica
 12952 | D:10     | Killed Erica
 12966 | D:10     | Bought a potion of mutation for 112 gold pieces
 12966 | D:10     | Bought a potion of mutation for 112 gold pieces
 13070 | D:10     | Found Enaycu's General Store.
 13085 | D:10     | Bought a potion of curing for 45 gold pieces
 13085 | D:10     | Bought a potion of curing for 45 gold pieces
 13371 | D:10     | Found Rafap's Book Shop.
 13408 | D:10     | Reached skill level 10 in Fighting
 13543 | D:10     | Found a burning altar of Makhleb.
 13567 | D:10     | Got the Catalogue of Stones and Changing
 13575 | D:10     | Found a staircase to the Orcish Mines.
 13681 | D:10     | Found Cocwufok's Jewellery Shoppe.
 13818 | D:10     | Reached skill level 13 in Polearms
 13818 | D:10     | Reached skill level 5 in Invocations
 14030 | D:11     | Noticed Nergalle
 14030 | D:11     | Reached *** piety under the Shining One
 14060 | D:11     | Killed Nergalle
 14166 | D:11     | Noticed a cyclops
 14179 | D:11     | Killed a cyclops
 14207 | D:11     | Noticed Sonja
 14223 | D:11     | Killed Sonja
 14224 | D:11     | Reached XP level 12. HP: 79/98 MP: 16/16
 14547 | D:11     | Noticed a centaur warrior
 14556 | D:11     | Killed a centaur warrior
 15047 | D:12     | Found a runed translucent gate.
 15047 | D:12     | Found a runed translucent gate.
 15047 | D:12     | Found a runed translucent gate.
 15047 | D:12     | Noticed Laraso's ghost (journeyman DjFE)
 15097 | D:12     | Noticed a two-headed ogre
 15143 | D:12     | Killed a two-headed ogre
 15479 | D:12     | Noticed a two-headed ogre
 15488 | D:12     | Killed a two-headed ogre
 15489 | D:12     | Reached skill level 14 in Polearms
 15650 | D:12     | Found a runed translucent door.
 15650 | D:12     | Found a runed translucent door.
 15651 | D:12     | Noticed a merfolk impaler
 15651 | D:12     | Noticed a merfolk avatar
 15672 | D:12     | Noticed Kirke
 16158 | D:11     | Killed Kirke
 16445 | D:12     | Found a runed translucent door.
 16614 | D:12     | Noticed Josephine
 16617 | D:12     | Reached **** piety under the Shining One
 16623 | D:12     | Killed Josephine
 16746 | D:12     | Noticed an ogre mage
 16747 | D:12     | Noticed a two-headed ogre
 16747 | D:12     | Noticed a two-headed ogre
 16747 | D:12     | Noticed a two-headed ogre
 16748 | D:12     | Noticed a two-headed ogre
 16751 | D:12     | Noticed a two-headed ogre
 16760 | D:12     | Killed an ogre mage
 16761 | D:12     | Reached XP level 13. HP: 107/107 MP: 17/19
 16775 | D:12     | Reached skill level 15 in Polearms
 17096 | D:12     | Identified the +10 quarterstaff of the Pharaoh's Fist
                  | {freeze, rElec Will+ Int+3 Stlth-}
 17097 | D:12     | Noticed Gastronok
 17117 | D:12     | Killed Gastronok
 17238 | D:12     | Killed Laraso's ghost
 17743 | D:14     | Found a gate to the Vaults.
 17743 | D:14     | Noticed a vault guard
 17743 | D:14     | Noticed a vault guard
 17743 | D:14     | Noticed a vault guard
 17743 | D:14     | Noticed a vault guard
 17743 | D:14     | Reached ***** piety under the Shining One
 17766 | D:14     | Killed a vault guard
 18046 | D:14     | Found a broken altar of Ashenzari.
 18400 | D:13     | Reached skill level 16 in Polearms
 18916 | D:14     | Reached skill level 15 in Dodging
 18966 | D:14     | Killed a vault guard
 18967 | D:14     | Reached XP level 14. HP: 91/116 MP: 21/21
 19052 | D:14     | Reached skill level 10 in Invocations
 19483 | D:14     | Found Xafrept's Jewellery Shop.
 20137 | D:15     | Entered Level 15 of the Dungeon
 20143 | D:15     | Identified the ring of Muruch {rPois rCorr Int+6}
 21061 | D:15     | Reached skill level 17 in Polearms
 21160 | D:15     | Found a staircase to the Depths.
 22049 | Lair:1   | Entered Level 1 of the Lair of Beasts
 22078 | Lair:1   | Noticed Prince Ribbit
 22092 | Lair:1   | Killed Prince Ribbit
 22186 | Lair:1   | Found a runed translucent door.
 22578 | Lair:1   | Noticed Fannar
 22605 | Lair:1   | Killed Fannar
 23013 | Lair:1   | Identified the +8 whip "Transmigrator" {pain, Dex+3}
 23016 | Lair:1   | Identified the +1 hat of Tartarus {Harm rCorr Str-5 SInv}
 23075 | Lair:1   | Found a runed translucent gate.
 23075 | Lair:1   | Found a runed translucent gate.
 23075 | Lair:1   | Found a runed translucent gate.
 23075 | Lair:1   | Found a runed translucent gate.
 23075 | Lair:1   | Found a runed translucent gate.
 23075 | Lair:1   | Found a runed translucent gate.
 23163 | Lair:1   | Reached XP level 15. HP: 76/125 MP: 23/23
 23207 | Lair:1   | Identified the amulet of Pales {Regen+ Int+4 Dex+2}
 24394 | Lair:2   | Reached skill level 18 in Polearms
 25343 | Lair:3   | Found a staircase to the Swamp.
 25484 | Lair:3   | Acquired a manual of Armour
 25532 | Lair:4   | Found a staircase to the Snake Pit.
 25695 | Lair:4   | Found a frozen archway.
 25831 | IceCv    | Entered an ice cave
 25884 | IceCv    | Reached ****** piety under the Shining One
 27633 | Lair:5   | Found a staircase to the Slime Pits.
 28508 | Lair:6   | Entered Level 6 of the Lair of Beasts
 28693 | Lair:6   | Found a dark tunnel.
 28746 | Volcano  | Entered a volcano
 29143 | Volcano  | Found a radiant altar of Vehumet.
 29186 | Volcano  | Found a bloodstained altar of Trog.
 29875 | Lair:6   | Reached XP level 16. HP: 119/134 MP: 25/25
 29903 | Lair:6   | Reached skill level 15 in Fighting
 30089 | Lair:6   | Found a large runed translucent door.
 30089 | Lair:6   | Found a large runed translucent door.
 30540 | Orc:1    | Entered Level 1 of the Orcish Mines
 30559 | Orc:1    | You fall into a shaft and drop 1 floor!
 30559 | Orc:2    | Entered Level 2 of the Orcish Mines
 30614 | Orc:2    | Reached skill level 19 in Polearms
 30671 | Orc:2    | Found Diw Leac's Armour Boutique.
 30673 | Orc:2    | Found Miponosu's Antique Armour Emporium.
 31072 | Orc:1    | Found a runed translucent door.
 31106 | Orc:1    | Noticed Zoecucy's ghost (journeyman DsWn)
 31137 | Orc:1    | Killed Zoecucy's ghost
 31143 | Orc:1    | Identified the +8 mace of the Ghost {vamp, +Rage rF+ rC-
                  | Dex+7}
 31349 | Orc:2    | Found a staircase to the Elven Halls.
 31698 | Orc:2    | Found Hisiaq's Armour Shoppe.
 31699 | Orc:2    | Found Namuet's Distillery.
 31701 | Orc:2    | Bought the +1 cloak of Starlight {*Dazzle EV+4 Stlth--} for
                  | 335 gold pieces
 31701 | Orc:2    | Found the +1 cloak of Starlight {*Dazzle EV+4 Stlth--}
 31745 | Orc:2    | Bought the +3 crown of Dyrovepreva {rElec Int+2 SInv} for
                  | 621 gold pieces
 31745 | Orc:2    | Found the +3 crown of Dyrovepreva {rElec Int+2 SInv}
 31761 | Orc:2    | Bought a potion of heal wounds for 85 gold pieces
 31761 | Orc:2    | Bought a potion of mutation for 136 gold pieces
 31761 | Orc:2    | Bought a potion of berserk rage for 85 gold pieces
 31761 | Orc:2    | Bought a potion of heal wounds for 85 gold pieces
 31761 | Orc:2    | Bought a potion of curing for 51 gold pieces
 31761 | Orc:2    | Bought a potion of curing for 51 gold pieces
 31761 | Orc:2    | Bought a potion of cancellation for 136 gold pieces
 31761 | Orc:2    | Bought a potion of lignification for 51 gold pieces
 31761 | Orc:2    | Bought a potion of magic for 136 gold pieces
 31761 | Orc:2    | Bought a potion of haste for 170 gold pieces
 32405 | Swamp:1  | Entered Level 1 of the Swamp
 32517 | Swamp:1  | Noticed a fenstrider witch
 32552 | Swamp:1  | Paralysed by a fenstrider witch for 6 turns
 32558 | Swamp:1  | Mangled by a goliath frog

Illustrated notes

Levels and vault maps discovered:
D:1:      dpeg_arrival_tiny_b, layout_loops_ring, grunt_decor_cap,
          minmay_tree_intersection, minivault_23, minmay_pentomino_p2
D:2:      layout_loops_corners, ebering_ecumenical_altar_mist, serial_shops,
          nicolae_diamond_shop
D:3:      layout_loops_cross, minmay_overflow_temple_star_hex,
          grunt_ministairs_15
D:4:      corexii_shack_village, layout_cave_pools, lemuel_tele_altar,
          minmay_temple_entry_antechambers, ebering_ghost_disaster_area
D:5:      layout_basic, palyth_stone_intersect
D:6:      layout_layer_cave, cheibrodos_sewer_entry_bend, uniq_menkaure
D:7:      cheibrodos_grave_circle, layout_basic, uniq_pikel
D:8:      layout_basic, tso_altar, david_lair_shrubbed, uniq_psyche
D:9:      minmay_spotlight, layout_basic, mainiacjoe_overflow_six_doors_small,
          chequers_arboretum, uniq_harold
D:10:     layout_roguey, demons_altar, mainiacjoe_overflow_alcove_4,
          orc_0_dummy, serial_shops, shop, nicolae_lakefront_shop, shop,
          nicolae_transmutations_shop, minivault_4, uniq_erica
D:11:     layout_roguey, uniq_nergalle, uniq_sonja
D:12:     layout_basic, ebering_ghost_rock_garden, mikee_hates_you,
          uniq_gastronok, uniq_josephine, uniq_kirke
D:13:     layout_basic
D:14:     layout_basic, lightli_vaults_fourway_checkpoint, serial_shops,
          nicolae_shop_competitors_out_of_business, evilmike_ruin_ashenzari,
          minmay_door_square
D:15:     gammafunk_enter_depths_forms, layout_small_grid, abandoned_shop,
          minivault_16, hangedman_abyss_or_decor_jellyfish_corner,
          hangedman_decor_peaks_small
Temple:   minmay_temple_forest_path
Lair:1:   gammafunk_indiana_jones, layout_regular_city, grunt_megastairs_3,
          lemuel_fruit_tree, uniq_prince_ribbit2, uniq_fannar
Lair:2:   nzn_winding_woodlands_stair_cross [nzn_winding_woodlands_5x15_parted,
          nzn_winding_woodlands_center_lodge,
          nzn_winding_woodlands_5x15_pockets,
          nzn_winding_woodlands_5x5_open_star,
          nzn_winding_woodlands_5x5_perimeter,
          nzn_winding_woodlands_5x15_concentric,
          nzn_winding_woodlands_center_pierced_h,
          nzn_winding_woodlands_5x15_lazy_stream], layout_chaotic_city
Lair:3:   layout_loops_ring, palyth_hydra_swamp_entry
Lair:4:   layout_concentric_octagons, minmay_snake_entry_guardpost_medium,
          portal_ice_cave_entry_pillars_2, infiniplex_staircase_pool
Lair:5:   layout_regular_city, slime_dummy
Lair:6:   cheibrodos_lair_end_hotspot, layout_concentric_octagons,
          enter_volcano_3, minmay_lair_oklob_chamber,
          infiniplex_staircase_pool_2
Swamp:1:  layout_falls_marsh, gammafunk_ghost_arena, nicolae_swamp_oxbows
Orc:1:    layout_caves, ebering_ghost_inner_flame
Orc:2:    st_orc_open, layout_caves

Skill      XL: |  1  2  3  4  5  6  7  8  9 10 11 12 13 14 15 16 |
---------------+-------------------------------------------------+-----
Polearms       | 5 6 7 8 10 11 13 14 16 17 18 19 | 19.6
Armour         | 1 2 3 4 5 7 9 |  9.1
Fighting       | 3 4 5 6 7 9 10 11 12 13 14 15 | 15.7
Dodging        | 5 6 7 9 10 12 13 15 16 17 18 | 18.3
Shields        | 1 3 4 |  4.0
Invocations    | 1 5 8 9 11 12 | 12.1
Throwing       | |  2.0

Action                   |  1- 3 |  4- 6 |  7- 9 | 10-12 | 13-15 | 16-18 || total
-------------------------+-------+-------+-------+-------+-------+-------++-------
Melee: Trident           |   128 |   226 |   356 |   798 |  2025 |   696 ||  4229
       Tailslap          |       |       |     8 |     4 |    13 |    19 ||    44
       Unarmed           |       |       |       |    31 |       |       ||    31
Throw: Throwing net      |       |     2 |     1 |     4 |     2 |       ||     9
       Dart              |       |       |       |       |     2 |       ||     2
Invok: Divine Shield     |       |       |       |       |     1 |     1 ||     2
       Summon Divine War |       |       |       |       |       |     2 ||     2
  Use: Scroll            |     3 |     5 |     7 |     8 |     9 |     3 ||    35
       Potion            |       |       |     4 |     2 |     5 |     1 ||    12
 Stab: Sleeping          |     3 |     4 |     1 |     1 |       |       ||     9
       Held in net/web   |       |     2 |       |       |       |       ||     2
Armor: Leather armour    |    31 |    43 |   141 |   124 |    34 |       ||   373
       Troll leather arm |       |       |       |     5 |   117 |    53 ||   175
Dodge: Dodged            |    82 |   134 |   267 |   440 |   886 |   459 ||  2268
Block: Buckler           |       |       |       |   128 |   507 |   341 ||   976
       Reflection        |       |       |       |     8 |    20 |     5 ||    33

Table legend: (Time is in decaauts)
 A = Elapsed time spent in this place.
 B = Non-inter-level travel time spent in this place.
 C = Inter-level travel time spent in this place.
 D = Time resting spent in this place.
 E = Time spent auto-exploring this place.
 F = Levels seen in this place.
 G = Mean time per level.
                   A        B        C        D        E       F      G
               +--------+--------+--------+--------+--------+-----+--------+
         Total |  31140 |  29896 |   1244 |   2039 |  22186 |  28 | 1112.1 |
       Dungeon |  20815 |  19929 |    886 |   1627 |  15259 |  15 | 1387.7 |
        Temple |    355 |    355 |      0 |      0 |    298 |   1 |  355.0 |
          Lair |   6854 |   6540 |    314 |    108 |   4947 |   6 | 1142.3 |
         Swamp |    112 |    112 |      0 |      0 |     23 |   1 |  112.0 |
  Orcish Mines |   1540 |   1497 |     43 |      0 |    914 |   2 |  770.0 |
         Sewer |    431 |    431 |      0 |      0 |    320 |   1 |  431.0 |
      Ice Cave |    562 |    562 |      0 |    304 |     58 |   1 |  562.0 |
       Volcano |    468 |    468 |      0 |      0 |    366 |   1 |  468.0 |
               +--------+--------+--------+--------+--------+-----+--------+

Top non-repeatable levels by time:
     D:6: 2137 daAuts
    D:14: 1980 daAuts
     D:7: 1901 daAuts
    D:12: 1788 daAuts
    D:15: 1624 daAuts
    D:11: 1492 daAuts
     D:2: 1351 daAuts
  Lair:6: 1251 daAuts
     D:5: 1245 daAuts
  Lair:1: 1236 daAuts
     D:1: 1197 daAuts
  Lair:4: 1184 daAuts
  Lair:2: 1161 daAuts
  Lair:5: 1106 daAuts
    D:10: 1103 daAuts
